 Dungeon Crawl Stone Soup version 0.14.1-24-gbdbe590 (webtiles) character file.

520 Psiweapon the Insei (level 6, -1/32 HPs)
             Began as a Vine Stalker Monk on June 26, 2014.
             Was a Follower of Elyvilon.
             Slain by Pikel
             ... wielding a +2,+1 whip of electrocution
              (12 damage)
             ... on Level 4 of the Dungeon.
             The game lasted 00:22:14 (3282 turns).

Psiweapon the Insei (Vine Stalker Monk)             Turns: 3282, Time: 00:22:14

HP  -1/32        AC  2     Str 14      XL: 6   Next: 74%
MP   0/10        EV 13     Int 12      God: Elyvilon [*.....]
Gold 142         SH  0     Dex 16      Spells:  0 memorised,  5 levels left

rFire  . . .     SeeInvis .       - Unarmed
rCold  . . .     Clarity  .     a - +0 robe
rNeg   . . .     Conserve .     (no shield)
rPois  .         rCorr    .     (no helmet)
rElec  .         rRot     +     (no cloak)
SustAb . .       Spirit   +     (no gloves)
rMut   .         Warding  .     (no boots)
Saprov . . .     Stasis   .     y - amulet of rage
MR     .....                    (no ring)
                                (no ring)

@: not resistant to hostile enchantments, stealthy
A: fangs 2, regeneration 2, magic shield, antimagic bite, no device heal
a: Lesser Healing, Lesser Self-Healing, Divine Protection, Renounce Religion,
Evoke Berserk Rage


You were on level 4 of the Dungeon.
You worshipped Elyvilon.
Elyvilon was aware of your devotion.
You were near starving.

You visited 1 branch of the dungeon, and saw 4 of its levels.

You collected 142 gold pieces.

Inventory:

Hand weapons
 d - a +0,+0 long sword
 r - a +0,+0 sling
 v - a +0,+0 quarterstaff
 A - a +0 blowgun
Missiles
 i - a poisoned needle
 s - 13 sling bullets
Armour
 a - a +0 robe (worn)
Magical devices
 q - a wand of digging (11)
Comestibles
 b - 4 bread rations
 m - a meat ration
Scrolls
 c - a scroll of remove curse
 g - 5 scrolls of identify
 k - 2 scrolls of noise
 o - a scroll of teleportation {unknown}
 t - a scroll of magic mapping {unknown}
 B - a scroll of amnesia {unknown}
Jewellery
 y - an amulet of rage (around neck)
Potions
 e - a potion of curing {unknown}
 f - a potion of agility {unknown}
 h - a potion of lignification {unknown}
 j - a potion of cure mutation {unknown}
 n - 2 potions of brilliance {unknown}
 p - a potion of heal wounds
 u - a potion of mutation {unknown}
 x - a potion of poison {unknown}
 z - a potion of haste {unknown}


   Skills:
 - Level 3.1 Fighting
 - Level 1.2 Throwing
 - Level 3.0 Dodging
 - Level 3.4 Stealth
 + Level 6.0 Unarmed Combat
 + Level 2.8 Invocations


You had 5 spell levels left.
You didn't know any spells.

Dungeon Overview and Level Annotations

Branches:
Dungeon (4/15)
 Temple: D:4-7

Altars:
Ashenzari
Elyvilon
Kikubaaqudgha
Okawaru

Annotations:
D:3 Terence
D:4 Pikel


Innate Abilities, Weirdness & Mutations

You are immune to rotting.
You have extremely sharp teeth.
You heal very quickly.
When hurt, damage is shared between your health and your magic reserves.
Your bite disrupts and absorbs the magic of your enemies.
Potions and wands cannot restore your HP.


Message History

Pikel barely misses you.
You hit Pikel. You bite Pikel. You drain his power.
You feel invigorated.
Pikel is moderately wounded.
You hit Pikel but do no damage.
Pikel is moderately wounded.
Pikel closely misses you.
You hit Pikel.
Pikel is heavily wounded.
Pikel hits you with a glowing whip.
You closely miss Pikel.
Pikel is heavily wounded.
Pikel closely misses you.
You closely miss Pikel. You bite Pikel! You drain his power.
You feel invigorated.
Pikel is severely wounded.
Pikel hits you with a glowing whip!
You barely miss Pikel.
Pikel is severely wounded.
Pikel hits you with a glowing whip.
You are electrocuted!
You die...

.@K #.........#
#######.........#
................#
########........####
#............
#............
#............
##############............
...(((@@K@................
##########################


You could see Pikel and 2 slaves.

Vanquished Creatures
  2 slaves (D:3)
  A phantom (D:4)
  A scorpion (D:4)
  An orc priest (D:4)
  A worker ant (D:4)
  6 adders
  2 giant mites
  5 worms
  A giant gecko (D:1)
  5 orcs (D:4)
  3 giant cockroaches
  11 goblins
  14 hobgoblins
  5 jackals
  11 kobolds
  A quokka (D:4)
  3 ball pythons
  7 bats
  4 giant newts
  13 rats
  A rat skeleton (D:4)
98 creatures vanquished.

Vanquished Creatures (others)
  A jackal (D:4)
  A rat skeleton (D:4)
2 creatures vanquished.

Grand Total: 100 creatures vanquished

Notes
Turn   | Place    | Note
--------------------------------------------------------------
     0 | D:1      | Psiweapon, the Vine Stalker Monk, began the quest for the Orb.
     0 | D:1      | Reached XP level 1. HP: 11/11 MP: 1/1
   183 | D:1      | Reached XP level 2. HP: 16/16 MP: 3/3
   520 | D:1      | Reached XP level 3. HP: 16/19 MP: 4/4
  1085 | D:2      | Reached XP level 4. HP: 10/24 MP: 3/5
  1444 | D:2      | Reached skill level 1 in Throwing
  1693 | D:3      | Found an ancient bone altar of Kikubaaqudgha.
  1697 | D:3      | Found a white marble altar of Elyvilon.
  1697 | D:3      | Found a shattered altar of Ashenzari.
  1702 | D:3      | Found an iron altar of Okawaru.
  1707 | D:3      | Became a worshipper of Elyvilon the Healer
  1707 | D:3      | Acquired Elyvilon's first power
  1707 | D:3      | Acquired Elyvilon's second power
  1848 | D:3      | Reached XP level 5. HP: 28/28 MP: 5/7
  2264 | D:3      | Reached skill level 5 in Unarmed Combat
  2449 | D:3      | Noticed Terence
  2488 | D:4      | Noticed a phantom
  2497 | D:4      | Noticed a slave
  2520 | D:3      | Killed a slave
  2620 | D:4      | Reached skill level 1 in Invocations
  2713 | D:4      | Killed a phantom
  2713 | D:4      | Gained mutation: You heal very quickly. [vine stalker growth]
  2713 | D:4      | Reached XP level 6. HP: 18/32 MP: 1/10
  2955 | D:4      | Noticed a slave
  2956 | D:4      | Noticed Pikel
  2958 | D:4      | Noticed a slave
  2958 | D:4      | Noticed a slave
  2982 | D:3      | Killed a slave
  3193 | D:4      | Reached skill level 6 in Unarmed Combat
  3282 | D:4      | Slain by Pikel

Action                   |  1- 3 |  4- 6 || total
-------------------------+-------+-------++-------
Melee: Unarmed           |    93 |   214 ||   307
Throw: Javelin           |     7 |    44 ||    51
       Tomahawk          |       |     5 ||     5
Invok: Lesser Healing    |       |    36 ||    36
       Lesser Self-Heali |       |     7 ||     7
 Abil: Evoke Berserk Rag |       |     1 ||     1
Evoke: Wand              |       |     1 ||     1
  Use: Scroll            |       |     2 ||     2
       Potion            |       |     1 ||     1
 Stab: Sleeping          |     7 |     4 ||    11
       Distracted        |     1 |     1 ||     2
